 Dungeon Crawl Stone Soup version 0.30-a0-325-gb515db48ae (webtiles) character file.

Game seed: 2819153129768177404

11589 Engwar the Protected (level 11, -27/103 HPs)
             Began as an Armataur Fighter on Oct 28, 2022.
             Was a Follower of Yredelemnul.
             Killed from afar by an ice dragon (29 damage)
             ... with a blast of cold
             ... on level 1 of the Lair of Beasts.
             The game lasted 00:23:18 (13154 turns).

Engwar the Protected (Armataur Fighter)            Turns: 13154, Time: 00:23:18

Health: -27/103    AC: 16    Str: 26    XL:     11   Next: 51%
Magic:  11/11      EV:  5    Int:  9    God:    Yredelemnul [*.....]
Gold:   1228       SH:  8    Dex:  9    Spells: 10/10 levels left

rFire   + . .      SeeInvis .    a - +0 war axe (venom)
rCold   . . .      Faith    .    H - +2 buckler
rNeg    . . .      Spirit   .    E - +0 plate armour
rPois   .          Reflect  .    J - +0 helmet
rElec   .          Harm     .    x - +0 cloak
rCorr   +          Roll     +    (no gloves)
Will    .....                    (no barding)
Stlth   ..........               (no amulet)
HPRegen 0.37/turn                w - ring of resist corrosion
MPRegen 0.12/turn                A - ring of protection from fire

@: no status effects
A: large, rugged brown scales 3, deformed body, armoured tail, roll, long
tongue, awkward tongue
a: Renounce Religion, Recall Undead Harvest


You were on level 1 of the Lair of Beasts.
You worshipped Yredelemnul.
Yredelemnul was noncommittal.
You visited 3 branches of the dungeon, and saw 12 of its levels.
You also visited: Sewer.

You collected 1354 gold pieces.
You spent 126 gold pieces at shops.

Inventory:

Hand Weapons
 a - a +0 war axe of venom (weapon)
 y - a +1 broad axe of protection
Armour
 k - the +2 leather armour of Giaxe {rCorr}
   (You found it on level 2 of the Dungeon)

   rCorr:     It protects you from acid and corrosion.
 v - +1 steam dragon scales
 x - a +0 cloak (worn)
 E - a +0 plate armour (worn)
 H - a +2 buckler (worn)
 J - a +0 helmet (worn)
Jewellery
 o - a ring of magical power
 w - a ring of resist corrosion (left hand)
 z - a ring of flight
 A - a ring of protection from fire (right hand)
 F - a ring of fire
 L - a ring of positive energy
Wands
 e - a wand of flame (18)
 h - a wand of iceblast (29)
 i - a wand of light (5)
 l - a wand of charming (16)
 n - a wand of digging (14)
Scrolls
 f - 4 scrolls of magic mapping
 m - 2 scrolls of teleportation
 u - 6 scrolls of identify
 B - a scroll of fog
 G - a scroll of brand weapon
Potions
 b - 9 potions of curing
 c - a potion of resistance {unknown}
 d - 2 potions of invisibility
 g - 3 potions of mutation
 j - 3 potions of lignification
 p - 3 potions of cancellation
 q - a potion of heal wounds
 r - 2 potions of flight
 s - 3 potions of haste
 t - 2 potions of magic
 C - a potion of ambrosia
 D - 2 potions of degeneration
 I - a potion of might
 K - a potion of attraction {unknown}


   Skills:
 + Level 9.0 Fighting
 + Level 8.0 Axes
 + Level 11.6 Armour
 + Level 10.7 Shields


You had 10 spell levels left.
You didn't know any spells.
Your spell library contained the following spells:

 Spells                   Type           Power      Damage    Failure   Level
 Freeze                   Ice            0%         1d3       99%         1
 Slow                     Hex            0%         N/A       99%         1
 Sublimation of Blood     Necr           0%         N/A       99%         2
 Confusing Touch          Hex            0%         N/A       100%        3
 Frozen Ramparts          Ice            0%         1d1       100%        3
 Hailstorm                Conj/Ice       0%         3d3       100%        3
 Ignite Poison            Fire/Tmut/Pois 0%         N/A       100%        3
 Kindle Blastsparks       Fire/Tloc/Air  0%         2d10      100%        3
 Ozocubu's Armour         Ice            0%         N/A       100%        3
 Vampiric Draining        Necr           0%         2d6       100%        3
 Petrify                  Tmut/Erth      0%         N/A       100%        4
 Blade Hands              Tmut           0%         N/A       100%        5
 Freezing Cloud           Conj/Ice/Air   0%         6-21      100%        5
 Irradiate                Conj/Tmut      0%         3d11      100%        5
 Dragon Form              Tmut           0%         N/A       100%        7
 Ozocubu's Refrigeration  Ice            0%         4d7       100%        7


Dungeon Overview and Level Annotations

Branches:
Dungeon (10/15)            Temple (1/1) D:7            Lair (1/5) D:9
  Sewer (visited)
    Orc: D:9-12

Altars:
Ashenzari
Cheibriados
Dithmenos
Gozag
Hepliaklqana
Kikubaaqudgha
Makhleb
Nemelex Xobeh
Okawaru
Ru
Vehumet
Wu Jian
Yredelemnul

Shops:
D:7 !

Annotations:
Lair:1 benitares's ghost, novice AtFi


Innate Abilities, Weirdness & Mutations

You are completely covered in rugged brown scales. (AC +3, +7% HP)
Armour fits poorly on your strangely shaped body.
You have a long armoured tail.
You roll when moving toward enemies. (Rampage)
Your long tongue fully drains potion bottles. (2x potion effects)
Your tongue gives you trouble enunciating. (1.5x scroll delay)


Message History

Your wolf zombie barely misses the ice dragon.
The ice dragon bites your wolf zombie!
The ice dragon claws your wolf zombie but does no damage.
The ice dragon tramples your wolf zombie!
Your wolf zombie holds its ground!
Your blink frog zombie hits the ice dragon but does no damage.
Your wolf zombie is engulfed in freezing vapours.
Your wolf zombie bites the ice dragon but does no damage.
The ice dragon bites your wolf zombie!
Your wolf zombie is destroyed!
Your blink frog zombie barely misses the ice dragon.
You can no longer trade souls for undead servants.
You swap places.
Your blink frog zombie hits the ice dragon!
The ice dragon bites your cane toad zombie!
The ice dragon claws your cane toad zombie!
The ice dragon tramples your cane toad zombie.
Your cane toad zombie holds its ground!
You swap places.
Your blink frog zombie hits the ice dragon.
Benitares's ghost (novice Armataur Fighter) comes into view.
It is wielding a weapon of venom.
The ice dragon bites you but does no damage.
You block the ice dragon's attack. The ice dragon tramples you.
You hold your ground!
Your blink frog zombie closely misses the ice dragon.
You hit the ice dragon but do no damage.
The ice dragon is lightly wounded.
The ice dragon breathes frost at you. The blast of cold hits you!!
* * * LOW HITPOINT WARNING * * *
The blast of cold hits your cane toad zombie.
Your cane toad zombie resists.
Your blink frog zombie hits the ice dragon.
You hit the ice dragon but do no damage.
You tail-slap the ice dragon!
The ice dragon is moderately wounded.
The ice dragon breathes frost at you. The blast of cold hits you!!
You die...
Your body rises from the dead as a mindless zombie.

## ###.. ##... ##
.... #..##..# .#
#...#WD# $.# #Z@##
#..#.. #.Z.###
##..# .#
##....####...#..#
#..........# ..#
##.........#...#
.##.......##...#
...###'''###..#.##.
#.................#
#........##.###....


You could see an ice dragon (catching breath, ally target), benitares's ghost, a
friendly cane toad zombie and a friendly blink frog zombie.

Vanquished Creatures
  A centaur warrior (D:8)
  Pikel (D:5)
  A cane toad (Lair:1)
  Maggie (D:6)
  A troll (D:10)
  5 blink frogs
  Prince Ribbit (D:6)
  A wraith (D:8)
  A basilisk (Lair:1)
  5 yaks
  Edmund (D:6)
  3 water moccasins
  A black bear (D:6)
  3 sky beasts
  An ice beast (D:5)
  6 wolves (Lair:1)
  An ogre (D:5)
  4 centaurs
  2 lemures (D:4)
  A phantom (D:6)
  A kobold brigand (D:8)
  7 bullfrogs
  3 necrophages
  4 scorpions
  13 wights
  5 killer bees
  3 hounds
  2 jellies
  3 gnoll boudas
  4 orc priests
  A water moccasin simulacrum (Lair:1)
  Jessica (D:2)
  2 iguanas
  10 adders
  17 gnolls
  2 river rats (Sewer)
  A shadow imp (D:5)
  A white imp (D:6)
  2 worms (D:2)
  6 dart slugs
  13 orcs
  6 endoplasms
  3 giant cockroaches
  4 goblins
  14 hobgoblins
  6 jackals (D:1)
  12 kobolds
  4 quokkas
  19 ball pythons
  6 bats
  8 frilled lizards
  32 rats
  6 bushes (Lair:1)
262 creatures vanquished.

Vanquished Creatures (collateral kills)
  Gastronok (D:8)
  3 blink frogs (Lair:1)
  3 yaks
  A steam dragon (D:9)
  3 wolves (Lair:1)
  A killer bee (D:9)
  A jelly (D:7)
  An orc (D:8)
  A kobold (D:8)
  4 bushes (Lair:1)
19 creatures vanquished.

Vanquished Creatures (others)
  A two-headed ogre (D:9)
  An elephant slug zombie (D:8)
  An orc warrior (D:9)
  A blink frog zombie (Lair:1)
  A water moccasin zombie (D:9)
  3 yak zombies
  3 wolf zombies (Lair:1)
  2 bullfrog zombies
  A centaur zombie (D:9)
  A killer bee zombie (D:10)
  2 gnoll zombies (D:9)
  8 kobold zombies (D:8)
  4 orc zombies
  3 bushes (Lair:1)
  3 fungi (Lair:1)
  2 plants (Lair:1)
37 creatures vanquished.

Grand Total: 318 creatures vanquished

Notes
Turn   | Place    | Note
-------+----------+-------------------------------------------
     0 | D:1      | Engwar the Armataur Fighter began the quest for the Orb.
     0 | D:1      | Reached XP level 1. HP: 19/19 MP: 1/1
   104 | D:1      | Reached XP level 2. HP: 20/26 MP: 2/2
   280 | D:1      | Reached skill level 4 in Armour
   373 | D:1      | Reached XP level 3. HP: 33/33 MP: 3/3
  1244 | D:2      | Noticed Jessica
  1247 | D:2      | Identified the +2 leather armour of Giaxe {rCorr}
  1262 | D:2      | Killed Jessica
  1263 | D:2      | Reached XP level 4. HP: 30/40 MP: 4/4
  1896 | D:3      | Found a glowing drain.
  1908 | Sewer    | Entered a sewer
  2022 | Sewer    | Reached XP level 5. HP: 47/48 MP: 5/5
  2160 | Sewer    | Reached skill level 5 in Armour
  2161 | Sewer    | Reached XP level 6. HP: 6/55 MP: 6/6
  2166 | Sewer    | HP: 1/55 [frozen (2)]
  2625 | D:3      | Found a radiant altar of Vehumet.
  3096 | D:4      | Noticed a sky beast
  3105 | D:4      | Killed a sky beast
  3106 | D:4      | Reached skill level 5 in Shields
  3312 | D:4      | Reached XP level 7. HP: 33/64 MP: 7/7
  4446 | D:5      | Entered Level 5 of the Dungeon
  4451 | D:5      | Identified a scroll of acquirement
  4451 | D:5      | Acquired 783 gold pieces
  4546 | D:5      | Noticed Pikel
  4670 | D:5      | Reached skill level 6 in Armour
  4987 | D:5      | Killed Pikel
  4988 | D:5      | Reached skill level 5 in Fighting
  4988 | D:5      | Reached skill level 7 in Armour
  4988 | D:5      | Reached XP level 8. HP: 50/72 MP: 8/8
  6022 | D:6      | Noticed Maggie
  6037 | D:6      | Reached skill level 5 in Axes
  6038 | D:6      | Killed Maggie
  6039 | D:6      | Reached skill level 8 in Armour
  6039 | D:6      | Reached XP level 9. HP: 17/80 MP: 9/9
  6297 | D:6      | Noticed Edmund
  6348 | D:6      | Killed Edmund
  6588 | D:6      | Noticed Prince Ribbit
  6621 | D:6      | Killed Prince Ribbit
  6787 | D:6      | Found a shadowy altar of Dithmenos.
  6947 | D:6      | Found a burning altar of Makhleb.
  7823 | D:7      | Found a staircase to the Ecumenical Temple.
  8001 | Temple   | Entered the Ecumenical Temple
  8025 | Temple   | Became a worshipper of Yredelemnul the Dark
  8139 | D:7      | Reached skill level 9 in Armour
  8139 | D:7      | Reached * piety under Yredelemnul
  8431 | D:7      | Found Hoenen's Distillery.
  8440 | D:7      | Bought a potion of ambrosia for 112 gold pieces
  8440 | D:7      | Bought a potion of degeneration for 14 gold pieces
  8586 | D:8      | Reached ** piety under Yredelemnul
  8725 | D:8      | Found a sacrificial altar of Ru.
  8725 | D:8      | Found a broken altar of Ashenzari.
  8758 | D:8      | Noticed Gastronok
  8772 | D:8      | Killed Gastronok
  8773 | D:8      | Reached *** piety under Yredelemnul
  8773 | D:8      | Reached XP level 10. HP: 21/92 MP: 10/10
  8811 | D:8      | Noticed a centaur warrior
  8829 | D:8      | Your ally Gastronok died
  9812 | D:8      | Killed a centaur warrior
  9813 | D:8      | Reached skill level 10 in Armour
 10108 | D:9      | Found a hazy altar of Hepliaklqana.
 10125 | D:9      | Noticed a two-headed ogre
 10136 | D:9      | Killed a two-headed ogre
 10581 | D:9      | Found a staircase to the Lair.
 10988 | D:9      | HP: 4/94 [poisoned by a killer bee]
 11382 | D:10     | Entered Level 10 of the Dungeon
 11704 | D:10     | Reached skill level 10 in Shields
 11704 | D:10     | Reached XP level 11. HP: 54/101 MP: 11/11
 11847 | D:10     | Identified the +1 glaive of the Growing Traitor {drain, Fly
                  | rElec Str+4}
 11944 | Lair:1   | Entered Level 1 of the Lair of Beasts
 12081 | D:9      | Reached skill level 11 in Armour
 12949 | Lair:1   | Found a runed translucent gate.
 12950 | Lair:1   | Found a runed translucent gate.
 12950 | Lair:1   | Found a runed translucent gate.
 13144 | Lair:1   | Noticed an ice dragon
 13152 | Lair:1   | Noticed benitares's ghost (novice AtFi)
 13153 | Lair:1   | HP: 2/103 [ice dragon/blast of cold (33)]
 13154 | Lair:1   | Killed from afar by an ice dragon

Illustrated notes

Levels and vault maps discovered:
D:1:      dpeg_arrival_boxorama, layout_basic, solitary_fountain
D:2:      layout_rooms, minmay_cupped, uniq_jessica
D:3:      minmay_evil_eye, layout_loops_ring, nicolae_vehumet_radiance,
          portal_sewer_entry_d, minmay_crystal_water, minmay_goblin_kobold_house
D:4:      layout_basic
D:5:      layout_cave_pods, minmay_misc_feat_four_crosses, uniq_pikel
D:6:      layout_basic, grunt_dithmenos_smoke, mainiacjoe_overflow_alcove_1,
          minmay_door_square, grunt_ministairs_1, kennysheep_small_spiral,
          uniq_prince_ribbit1, uniq_maggie, uniq_edmund
D:7:      layout_gridville, minmay_temple_entry_junction, serial_shops,
          nicolae_shop_waterfront, minmay_misc_feat_nine_boxes
D:8:      layout_cave_pools, gammafunk_temple_overflow_elements,
          grunt_decor_fettered, minmay_splitting_lines, hex_medium,
          uniq_gastronok
D:9:      layout_loops_corners, mainiacjoe_overflow_chevrons, lair_entry_dummy
D:10:     layout_roguey [special_room_bee]
Temple:   nicolae_temple_elliptical
Lair:1:   layout_loops_ring, gammafunk_ghost_icy, minmay_hedge_maze

Skill      XL: |  1  2  3  4  5  6  7  8  9 10 11 |
---------------+----------------------------------+-----
Armour         | 4 5 7 8 9 10 11 | 11.6
Fighting       | 3 4 5 6 7 8 9 |  9.0
Axes           | 2 3 4 5 6 7 8 |  8.0
Shields        | 4 5 6 7 8 10 | 10.7

Action                   |  1- 3 |  4- 6 |  7- 9 | 10-12 || total
-------------------------+-------+-------+-------+-------++-------
Melee: War axe           |    86 |   184 |   118 |   142 ||   530
       Tailslap          |     7 |    19 |    31 |    64 ||   121
       Broad axe         |       |       |   175 |   211 ||   386
  Use: Potion            |       |     2 |       |     3 ||     5
       Scroll            |       |     7 |    16 |     4 ||    27
 Stab: Distracted        |       |       |     1 |     2 ||     3
Armor: Scale mail        |    62 |       |       |       ||    62
       Leather armour    |       |   110 |    64 |       ||   174
       Steam dragon scal |       |       |    79 |    43 ||   122
       Plate armour      |       |       |       |   222 ||   222
Dodge: Dodged            |    47 |   100 |   146 |   107 ||   400
Block: Buckler           |    21 |    49 |    90 |   136 ||   296

Table legend: (Time is in decaauts)
 A = Elapsed time spent in this place.
 B = Non-inter-level travel time spent in this place.
 C = Inter-level travel time spent in this place.
 D = Time resting spent in this place.
 E = Time spent auto-exploring this place.
 F = Levels seen in this place.
 G = Mean time per level.
                   A        B        C        D        E       F      G
               +--------+--------+--------+--------+--------+-----+--------+
         Total |  13509 |  13102 |    407 |   2786 |   7960 |  13 | 1039.2 |
       Dungeon |  12110 |  11720 |    390 |   2461 |   7470 |  10 | 1211.0 |
        Temple |     40 |     25 |     15 |      0 |     14 |   1 |   40.0 |
          Lair |    819 |    819 |      0 |    146 |    295 |   1 |  819.0 |
         Sewer |    538 |    538 |      0 |    179 |    181 |   1 |  538.0 |
               +--------+--------+--------+--------+--------+-----+--------+

Top non-repeatable levels by time:
     D:9: 2038 daAuts
     D:6: 1745 daAuts
     D:4: 1496 daAuts
     D:5: 1387 daAuts
     D:8: 1306 daAuts
     D:1: 1233 daAuts
     D:7: 931 daAuts
     D:3: 900 daAuts
  Lair:1: 819 daAuts
     D:2: 557 daAuts
   Sewer: 538 daAuts
    D:10: 515 daAuts
  Temple: 40 daAuts
